Lightning vs Rangers

Created - November 1 2011 at 17:22

Goals
1 2 3 T
Lightning 0 2 0 2
Rangers 0 0 1 1
Shots
1 2 3 T
Lightning 6 11 9 26
Rangers 15 5 17 37

Period #1

No Goal

Penalties :
Dan Cleary (NYR) for Holding (Minor) at 0:55, Patrick Sharp (TBL) for Holding (Minor) at 6:01, Andrej Meszaros (TBL) for Hooking (Minor) at 6:49, Andrej Meszaros (TBL) for Slashing (Double Minor) at 10:40, Patrick Sharp (TBL) for Elbowing (Minor) at 11:30, Tim Gleason (TBL) for Roughing (Minor) at 15:46

Period #2

1. Lightning , Martin Havlat 3 (R.J. Umberger) at 9:50 (PP)
2. Lightning , Patrick Sharp 7 (Maxime Talbot, Tomas Plekanec) at 13:21

Penalties :
Cal Clutterbuck (NYR) for Fighting (Major) at 7:21, Andy Sutton (TBL) for Fighting (Major) at 7:21, Keith Ballard (NYR) for Holding (Minor) at 7:56, Dan Cleary (NYR) for High sticking (Minor) at 10:44, Lubomir Visnovsky (NYR) for Roughing (Minor) at 11:02, Ben Lovejoy (NYR) for High sticking (Minor) at 13:35, Cal Clutterbuck (NYR) for Tripping (Minor) at 17:02, Scott Hartnell (TBL) for Hooking (Minor) at 17:02

Period #3

3. Rangers , Ian White 2 (Nikolai Kulemin) at 3:23 (PP)

Penalties :
Nikolai Kulemin (NYR) for Boarding (Minor) at 0:06, Andy Sutton (TBL) for High sticking (Minor) at 2:29, Cal Clutterbuck (NYR) for Hooking (Minor) at 4:01, Patrick Sharp (TBL) for Holding (Minor) at 4:50, Andy Sutton (TBL) for Tripping (Minor) at 7:13, Francis Bouillon (NYR) for Holding (Minor) at 10:13, R.J. Umberger (TBL) for Slashing (Double Minor) at 14:18

Goalie Stats

Cory Schneider (TBL), 36 saves from 37 shots - (0.973), W, 2-1-0, 60:00 minutes
Niklas Backstrom (NYR), 24 saves from 26 shots - (0.923), L, 9-5-0, 59:01 minutes

Players Stats

Lightning
Player Name              G  A  P  +/- PIM S  H  SB FO    MP 
------------------------------------------------------------
Andrej Meszaros          0  0  0   0  6   1  0  2  0/0   21 
Andy Sutton              0  0  0   1  9   1  0  1  0/0   16 
Barret Jackman           0  0  0   0  0   0  0  0  0/0   16 
Brent Seabrook           0  0  0   1  0   0  0  1  0/0   23 
Ilya Kovalchuk           0  0  0   0  0   4  0  0  1/2   16 
John Erskine             0  0  0   0  0   0  0  0  0/0   1  
Marcel Goc               0  0  0   0  0   0  1  0  6/14  11 
Martin Havlat            1  0  1   0  0   6  0  0  1/3   16 
Maxime Talbot            0  1  1   1  0   0  0  0  0/1   14 
Nick Spaling             0  0  0   0  0   0  0  0  0/2   9  
Niklas Kronwall          0  0  0   0  0   3  0  1  0/0   22 
Patrick Kane             0  0  0   0  0   3  0  2  1/1   19 
Patrick Sharp            1  0  1   1  6   3  2  0  1/3   17 
Paul Stastny             0  0  0   0  0   0  0  0  8/18  15 
R.J. Umberger            0  1  1   0  4   1  3  0  14/34 19 
Scott Hartnell           0  0  0   0  2   3  4  0  3/4   12 
Tim Gleason              0  0  0   0  2   1  3  2  0/0   19 
Tomas Plekanec           0  1  1   1  0   0  0  1  9/17  10 
Rangers
Player Name              G  A  P  +/- PIM S  H  SB FO    MP 
------------------------------------------------------------
Andrei Kostitsyn         0  0  0  -1  0   1  0  0  0/0   6  
Ben Lovejoy              0  0  0   0  2   1  3  0  0/0   16 
Cal Clutterbuck          0  0  0  -1  9   1  0  0  0/0   6  
Dan Cleary               0  0  0   0  4   5  2  0  2/5   17 
Francis Bouillon         0  0  0   0  2   1  0  1  0/0   21 
Guillaume Latendresse    0  0  0   0  0   3  1  0  1/1   15 
Henrik Sedin             0  0  0   0  0   5  3  1  24/40 21 
Ian White                1  0  1   0  0   2  0  3  0/0   19 
Jay Bouwmeester          0  0  0  -1  0   3  0  1  0/0   25 
Keith Ballard            0  0  0   0  2   0  1  0  0/0   14 
Lubomir Visnovsky        0  0  0  -1  2   2  1  1  0/0   24 
Mark Recchi              0  0  0   0  0   0  1  0  1/1   16 
Mike Cammalleri          0  0  0   0  0   1  0  0  0/0   14 
Mikko Koivu              0  0  0   0  0   5  1  0  8/22  18 
Nikolai Kulemin          0  1  1   0  2   3  1  0  2/2   13 
Nikolai Zherdev          0  0  0   0  0   3  1  0  0/0   10 
Scott Gomez              0  0  0   0  0   1  0  0  13/22 16 
Tom Pyatt                0  0  0  -1  0   0  0  0  4/6   12 

3 Stars

1 - Cory Schneider (TBL)
2 - Ian White (NYR)
3 - Martin Havlat (TBL)

Power Play

Lightning - 1 on 8 Attempt(s) - 12.50%
Rangers - 1 on 11 Attempt(s) - 9.09%

Penalty Kill

Lightning - 10 on 11 Attempt(s) - 90.91% - Score 0 goal in Penalty Kill
Rangers - 7 on 8 Attempt(s) - 87.50% - Score 0 goal in Penalty Kill

Game Notes

Cal Clutterbuck and Andy Sutton fight to a draw at 7:21 of 2nd period

Finance

Level 1 -- Attendance: 3480 (53.54%) -- Ticket Income $435,000.00
Level 2 -- Attendance: 2977 (59.54%) -- Ticket Income $223,275.00
Level 3 -- Attendance: 2095 (59.86%) -- Ticket Income $104,750.00
Level 4 -- Attendance: 1925 (87.50%) -- Ticket Income $48,125.00
Luxury Box -- Attendance: 560 (56.00%) -- Ticket Income $140,000.00
Game was played at the Madison Square Garden
Total Attendance: 11037 (60.64%)
Total Ticket Income: $993,601.80
Other Income: $218,780.40
Total Income: $1,212,382.00


Play by Play

Period #1

0:01 of 1st period - Tomas Plekanec wins face-off versus Henrik Sedin in neutral zone.
0:12 of 1st period - Henrik Sedin is hit by Patrick Sharp and loses puck.
0:31 of 1st period - Shot by Henrik Sedin.
0:31 of 1st period - Shot Blocked by Patrick Kane.
0:33 of 1st period - Shot by Jay Bouwmeester.
0:33 of 1st period - Shot Misses the Net.
0:47 of 1st period - Patrick Kane is hit by Henrik Sedin and loses puck.
0:55 of 1st period - Minor Penalty to Dan Cleary for Holding.
0:56 of 1st period - R.J. Umberger wins face-off versus Scott Gomez in Rangers zone.
1:04 of 1st period - Icing by Tim Gleason.
1:05 of 1st period - R.J. Umberger wins face-off versus Scott Gomez in Lightning zone.
1:55 of 1st period - Icing by Niklas Kronwall.
1:56 of 1st period - Paul Stastny wins face-off versus Scott Gomez in Lightning zone.
2:15 of 1st period - Tom Pyatt is hit by Scott Hartnell and loses puck.
3:06 of 1st period - Shot by Maxime Talbot.
3:06 of 1st period - Deflect By Ilya Kovalchuk.
3:06 of 1st period - Shot Misses the Net.
3:19 of 1st period - Shot by Ilya Kovalchuk.
3:19 of 1st period - Shot Blocked by Ian White.
3:37 of 1st period - Off-side.
3:38 of 1st period - Scott Gomez wins face-off versus R.J. Umberger in neutral zone.
3:57 of 1st period - Shot by Nikolai Zherdev.
3:57 of 1st period - Shot Blocked by Tim Gleason.
4:01 of 1st period - Shot by Francis Bouillon.
4:01 of 1st period - Shot Misses the Net.
4:05 of 1st period - Shot by Nikolai Zherdev.
4:05 of 1st period - Stopped by Cory Schneider without a rebound.
4:06 of 1st period - Henrik Sedin wins face-off versus Tomas Plekanec in Lightning zone.
4:35 of 1st period - Shot by Henrik Sedin.
4:35 of 1st period - Stopped by Cory Schneider without a rebound.
4:36 of 1st period - Tom Pyatt wins face-off versus Marcel Goc in Lightning zone.
4:59 of 1st period - Shot by Andrei Kostitsyn.
4:59 of 1st period - Deflect By Cal Clutterbuck.
4:59 of 1st period - Stopped by Cory Schneider without a rebound.
5:00 of 1st period - R.J. Umberger wins face-off versus Scott Gomez in Lightning zone.
5:00 of 1st period - Martin Havlat is hit by Nikolai Zherdev and loses puck.
5:06 of 1st period - Icing by Barret Jackman.
5:07 of 1st period - Scott Gomez wins face-off versus R.J. Umberger in Lightning zone.
5:18 of 1st period - Shot by Martin Havlat.
5:18 of 1st period - Shot Misses the Net.
5:26 of 1st period - Francis Bouillon is hit by Tim Gleason.
5:52 of 1st period - Barret Jackman is hit by Dan Cleary and loses puck.
6:00 of 1st period - Off-side.
6:01 of 1st period - Henrik Sedin wins face-off versus Tomas Plekanec in neutral zone.
6:01 of 1st period - Minor Penalty to Patrick Sharp for Holding.
6:02 of 1st period - Henrik Sedin wins face-off versus Marcel Goc in Lightning zone.
6:13 of 1st period - Shot by Nikolai Kulemin.
6:13 of 1st period - Stopped by Cory Schneider without a rebound.
6:14 of 1st period - Mikko Koivu wins face-off versus Marcel Goc in Lightning zone.
6:42 of 1st period - Shot by Mike Cammalleri.
6:42 of 1st period - Shot Misses the Net.
6:46 of 1st period - Shot by Mikko Koivu.
6:46 of 1st period - Stopped by Cory Schneider without a rebound.
6:47 of 1st period - Henrik Sedin wins face-off versus R.J. Umberger in Lightning zone.
6:49 of 1st period - Minor Penalty to Andrej Meszaros for Hooking.
6:50 of 1st period - R.J. Umberger wins face-off versus Henrik Sedin in Lightning zone.
7:17 of 1st period - Shot by Jay Bouwmeester.
7:17 of 1st period - Stopped by Cory Schneider without a rebound.
7:18 of 1st period - Marcel Goc wins face-off versus Mikko Koivu in Lightning zone.
8:10 of 1st period - Ian White is hit by Scott Hartnell and loses puck.
8:35 of 1st period - Shot by Henrik Sedin.
8:35 of 1st period - Shot Misses the Net.
8:37 of 1st period - Shot by Jay Bouwmeester.
8:37 of 1st period - Shot Misses the Net.
8:41 of 1st period - Shot by Ian White.
8:41 of 1st period - Shot Misses the Net.
9:05 of 1st period - Shot by Ilya Kovalchuk.
9:05 of 1st period - Stopped by Niklas Backstrom without a rebound.
9:06 of 1st period - Tomas Plekanec wins face-off versus Mikko Koivu in Rangers zone.
9:06 of 1st period - Tomas Plekanec is hit by Ben Lovejoy.
9:14 of 1st period - Shot by Patrick Sharp.
9:14 of 1st period - Stopped by Niklas Backstrom without a rebound.
9:15 of 1st period - R.J. Umberger wins face-off versus Scott Gomez in Rangers zone.
9:18 of 1st period - Shot by Martin Havlat.
9:18 of 1st period - Stopped by Niklas Backstrom without a rebound.
9:19 of 1st period - Tom Pyatt wins face-off versus Tomas Plekanec in Rangers zone.
9:28 of 1st period - Off-side.
9:29 of 1st period - Ilya Kovalchuk wins face-off versus Mikko Koivu in neutral zone.
10:17 of 1st period - Shot by Scott Gomez.
10:17 of 1st period - Shot Blocked by Andrej Meszaros.
10:21 of 1st period - Shot by Nikolai Zherdev.
10:21 of 1st period - Shot Blocked by Niklas Kronwall.
10:40 of 1st period - Double Minor Penalty to Andrej Meszaros for Slashing.
10:41 of 1st period - R.J. Umberger wins face-off versus Henrik Sedin in Lightning zone.
10:52 of 1st period - Shot by Mike Cammalleri.
10:52 of 1st period - Shot Blocked by Brent Seabrook.
11:30 of 1st period - Minor Penalty to Patrick Sharp for Elbowing.
11:31 of 1st period - Marcel Goc wins face-off versus Mikko Koivu in Lightning zone.
11:56 of 1st period - Shot by Guillaume Latendresse.
11:56 of 1st period - Stopped by Cory Schneider without a rebound.
11:57 of 1st period - Henrik Sedin wins face-off versus R.J. Umberger in Lightning zone.
12:12 of 1st period - Barret Jackman is hit by Mark Recchi and loses puck.
12:17 of 1st period - Shot by Ben Lovejoy.
12:17 of 1st period - Shot Hit the Post.
12:19 of 1st period - Shot by Mark Recchi.
12:19 of 1st period - Deflect By Henrik Sedin.
12:19 of 1st period - Shot Misses the Net.
12:23 of 1st period - Shot by Henrik Sedin.
12:23 of 1st period - Stopped by Cory Schneider without a rebound.
12:24 of 1st period - Mikko Koivu wins face-off versus R.J. Umberger in Lightning zone.
13:14 of 1st period - Shot by Jay Bouwmeester.
13:14 of 1st period - Stopped by Cory Schneider without a rebound.
13:15 of 1st period - Henrik Sedin wins face-off versus R.J. Umberger in Lightning zone.
13:31 of 1st period - Icing by Henrik Sedin.
13:32 of 1st period - Henrik Sedin wins face-off versus Marcel Goc in Rangers zone.
13:48 of 1st period - Off-side.
13:49 of 1st period - R.J. Umberger wins face-off versus Mikko Koivu in neutral zone.
14:34 of 1st period - Shot by Ben Lovejoy.
14:34 of 1st period - Stopped by Cory Schneider without a rebound.
14:35 of 1st period - Scott Gomez wins face-off versus R.J. Umberger in Lightning zone.
15:22 of 1st period - Shot by Nikolai Zherdev.
15:22 of 1st period - Stopped by Cory Schneider without a rebound.
15:23 of 1st period - Mikko Koivu wins face-off versus Paul Stastny in Lightning zone.
15:34 of 1st period - Shot by Ilya Kovalchuk.
15:34 of 1st period - Stopped by Niklas Backstrom without a rebound.
15:35 of 1st period - Scott Gomez wins face-off versus R.J. Umberger in Rangers zone.
15:45 of 1st period - Guillaume Latendresse is hit by Tim Gleason and loses puck.
15:46 of 1st period - Minor Penalty to Tim Gleason for Roughing.
15:47 of 1st period - R.J. Umberger wins face-off versus Henrik Sedin in Lightning zone.
16:18 of 1st period - Icing by Nikolai Kulemin.
16:19 of 1st period - Scott Hartnell wins face-off versus Henrik Sedin in Rangers zone.
16:20 of 1st period - Shot by Andrej Meszaros.
16:20 of 1st period - Shot Blocked by Ian White.
16:24 of 1st period - Shot by Scott Hartnell.
16:24 of 1st period - Stopped by Niklas Backstrom without a rebound.
16:25 of 1st period - Mikko Koivu wins face-off versus Maxime Talbot in Rangers zone.
16:58 of 1st period - Shot by Mike Cammalleri.
16:58 of 1st period - Shot Blocked by Andrej Meszaros.
17:00 of 1st period - Shot by Mikko Koivu.
17:00 of 1st period - Stopped by Cory Schneider without a rebound.
17:01 of 1st period - Henrik Sedin wins face-off versus R.J. Umberger in Lightning zone.
17:49 of 1st period - Shot by Jay Bouwmeester.
17:49 of 1st period - Stopped by Cory Schneider with a rebound.
17:51 of 1st period - Shot by Tom Pyatt.
17:51 of 1st period - Shot Blocked by Tim Gleason.
17:53 of 1st period - Shot by Andrei Kostitsyn.
17:53 of 1st period - Stopped by Cory Schneider without a rebound.
17:54 of 1st period - Scott Gomez wins face-off versus Tomas Plekanec in Lightning zone.
17:59 of 1st period - Shot by Nikolai Zherdev.
17:59 of 1st period - Stopped by Cory Schneider without a rebound.
18:00 of 1st period - Tom Pyatt wins face-off versus Nick Spaling in Lightning zone.
18:29 of 1st period - Shot by Tim Gleason.
18:29 of 1st period - Stopped by Niklas Backstrom without a rebound.
18:30 of 1st period - Tomas Plekanec wins face-off versus Scott Gomez in Rangers zone.
18:33 of 1st period - Shot by Patrick Kane.
18:33 of 1st period - Shot Misses the Net.
18:49 of 1st period - Shot by Patrick Kane.
18:49 of 1st period - Shot Misses the Net.
18:53 of 1st period - Shot by Patrick Sharp.
18:53 of 1st period - Shot Blocked by Francis Bouillon.
19:10 of 1st period - Shot by Tomas Plekanec.
19:10 of 1st period - Shot Misses the Net.
19:35 of 1st period - Niklas Kronwall is hit by Ben Lovejoy and loses puck.
19:38 of 1st period - Shot by Maxime Talbot.
19:38 of 1st period - Shot Misses the Net.

Period #2

0:01 of 2nd period - Tomas Plekanec wins face-off versus Henrik Sedin in neutral zone.
0:18 of 2nd period - Shot by Patrick Sharp.
0:18 of 2nd period - Shot Blocked by Lubomir Visnovsky.
0:25 of 2nd period - Off-side.
0:26 of 2nd period - Mikko Koivu wins face-off versus Paul Stastny in neutral zone.
0:45 of 2nd period - Shot by Mikko Koivu.
0:45 of 2nd period - Stopped by Cory Schneider without a rebound.
0:46 of 2nd period - Scott Gomez wins face-off versus R.J. Umberger in Lightning zone.
0:58 of 2nd period - Guillaume Latendresse is hit by Tim Gleason and loses puck.
1:18 of 2nd period - Shot by R.J. Umberger.
1:18 of 2nd period - Stopped by Niklas Backstrom without a rebound.
1:19 of 2nd period - Henrik Sedin wins face-off versus Tomas Plekanec in Rangers zone.
2:17 of 2nd period - Icing by Andy Sutton.
2:18 of 2nd period - Mikko Koivu wins face-off versus Tomas Plekanec in Lightning zone.
3:22 of 2nd period - Shot by Scott Gomez.
3:22 of 2nd period - Shot Misses the Net.
3:26 of 2nd period - Shot by Scott Gomez.
3:26 of 2nd period - Deflect By Guillaume Latendresse.
3:26 of 2nd period - Stopped by Cory Schneider without a rebound.
3:27 of 2nd period - R.J. Umberger wins face-off versus Tom Pyatt in Lightning zone.
6:09 of 2nd period - Shot by Martin Havlat.
6:09 of 2nd period - Stopped by Niklas Backstrom without a rebound.
6:10 of 2nd period - Tomas Plekanec wins face-off versus Scott Gomez in Rangers zone.
7:02 of 2nd period - Jay Bouwmeester is hit by Patrick Sharp and loses puck.
7:06 of 2nd period - Icing by Jay Bouwmeester.
7:07 of 2nd period - R.J. Umberger wins face-off versus Tom Pyatt in Rangers zone.
7:10 of 2nd period - Shot by Martin Havlat.
7:10 of 2nd period - Deflect By R.J. Umberger.
7:10 of 2nd period - Shot Misses the Net.
7:12 of 2nd period - Shot by Tim Gleason.
7:12 of 2nd period - Shot Blocked by Jay Bouwmeester.
7:21 of 2nd period - Cal Clutterbuck and Andy Sutton fight to a draw.
7:21 of 2nd period - Penalty to Cal Clutterbuck for Fighting.
7:21 of 2nd period - Penalty to Andy Sutton for Fighting.
7:22 of 2nd period - Marcel Goc wins face-off versus Mikko Koivu in neutral zone.
7:45 of 2nd period - Shot by Dan Cleary.
7:45 of 2nd period - Stopped by Cory Schneider without a rebound.
7:46 of 2nd period - Guillaume Latendresse wins face-off versus R.J. Umberger in Lightning zone.
7:56 of 2nd period - Minor Penalty to Keith Ballard for Holding.
7:57 of 2nd period - Henrik Sedin wins face-off versus R.J. Umberger in Rangers zone.
7:57 of 2nd period - Henrik Sedin is hit by R.J. Umberger.
8:53 of 2nd period - Shot by Patrick Kane.
8:53 of 2nd period - Stopped by Niklas Backstrom without a rebound.
8:54 of 2nd period - Henrik Sedin wins face-off versus Paul Stastny in Rangers zone.
9:50 of 2nd period - Shot by Martin Havlat.
9:50 of 2nd period - Goal by Martin Havlat - Lightning : 1 - Rangers : 0.
9:51 of 2nd period - Scott Gomez wins face-off versus R.J. Umberger in neutral zone.
10:15 of 2nd period - Barret Jackman is hit by Guillaume Latendresse and loses puck.
10:41 of 2nd period - Shot by Dan Cleary.
10:41 of 2nd period - Shot Hit the Post.
10:44 of 2nd period - Minor Penalty to Dan Cleary for High sticking.
10:45 of 2nd period - Marcel Goc wins face-off versus Henrik Sedin in Rangers zone.
10:58 of 2nd period - Nikolai Kulemin is hit by Scott Hartnell and loses puck.
11:02 of 2nd period - Minor Penalty to Lubomir Visnovsky for Roughing.
11:03 of 2nd period - Paul Stastny wins face-off versus Henrik Sedin in Rangers zone.
11:26 of 2nd period - Shot by Niklas Kronwall.
11:26 of 2nd period - Stopped by Niklas Backstrom with a rebound.
11:30 of 2nd period - Shot by Patrick Kane.
11:30 of 2nd period - Shot Blocked by Henrik Sedin.
11:32 of 2nd period - Shot by Niklas Kronwall.
11:32 of 2nd period - Shot Misses the Net.
12:05 of 2nd period - Shot by Patrick Sharp.
12:05 of 2nd period - Shot Misses the Net.
12:07 of 2nd period - Shot by Patrick Sharp.
12:07 of 2nd period - Stopped by Niklas Backstrom without a rebound.
12:08 of 2nd period - R.J. Umberger wins face-off versus Henrik Sedin in Rangers zone.
12:11 of 2nd period - Shot by Martin Havlat.
12:11 of 2nd period - Stopped by Niklas Backstrom without a rebound.
12:12 of 2nd period - Henrik Sedin wins face-off versus Ilya Kovalchuk in Rangers zone.
13:17 of 2nd period - Shot by Tomas Plekanec.
13:17 of 2nd period - Shot Misses the Net.
13:19 of 2nd period - Shot by Maxime Talbot.
13:19 of 2nd period - Shot Misses the Net.
13:21 of 2nd period - Shot by Patrick Sharp.
13:21 of 2nd period - Goal by Patrick Sharp - Lightning : 2 - Rangers : 0.
13:22 of 2nd period - R.J. Umberger wins face-off versus Mikko Koivu in neutral zone.
13:34 of 2nd period - Martin Havlat is hit by Ben Lovejoy and loses puck.
13:35 of 2nd period - Minor Penalty to Ben Lovejoy for High sticking.
13:36 of 2nd period - Henrik Sedin wins face-off versus Paul Stastny in Rangers zone.
14:07 of 2nd period - Shot by Jay Bouwmeester.
14:07 of 2nd period - Shot Blocked by Patrick Kane.
14:32 of 2nd period - Icing by R.J. Umberger.
14:33 of 2nd period - Henrik Sedin wins face-off versus R.J. Umberger in Lightning zone.
15:15 of 2nd period - Icing by Nick Spaling.
15:16 of 2nd period - Mark Recchi wins face-off versus Scott Hartnell in Lightning zone.
15:17 of 2nd period - Shot by Henrik Sedin.
15:17 of 2nd period - Shot Misses the Net.
15:39 of 2nd period - Shot by Patrick Sharp.
15:39 of 2nd period - Shot Misses the Net.
15:41 of 2nd period - Shot by Tomas Plekanec.
15:41 of 2nd period - Shot Misses the Net.
15:47 of 2nd period - Shot by Tomas Plekanec.
15:47 of 2nd period - Shot Misses the Net.
15:49 of 2nd period - Shot by Patrick Kane.
15:49 of 2nd period - Stopped by Niklas Backstrom without a rebound.
15:50 of 2nd period - Scott Gomez wins face-off versus R.J. Umberger in Rangers zone.
15:54 of 2nd period - Icing by Francis Bouillon.
15:55 of 2nd period - Scott Gomez wins face-off versus R.J. Umberger in Rangers zone.
16:22 of 2nd period - Francis Bouillon is hit by R.J. Umberger and loses puck.
17:02 of 2nd period - Minor Penalty to Cal Clutterbuck for Tripping.
17:02 of 2nd period - Minor Penalty to Scott Hartnell for Hooking.
17:03 of 2nd period - Paul Stastny wins face-off versus Dan Cleary in neutral zone.
17:16 of 2nd period - Shot by Mike Cammalleri.
17:16 of 2nd period - Shot Misses the Net.
17:20 of 2nd period - Shot by Ian White.
17:20 of 2nd period - Stopped by Cory Schneider without a rebound.
17:21 of 2nd period - Henrik Sedin wins face-off versus Paul Stastny in Lightning zone.
17:22 of 2nd period - Shot by Mikko Koivu.
17:22 of 2nd period - Shot Misses the Net.
17:24 of 2nd period - Shot by Henrik Sedin.
17:24 of 2nd period - Shot Misses the Net.
17:35 of 2nd period - Paul Stastny is hit by Henrik Sedin and loses puck.
17:52 of 2nd period - Shot by Lubomir Visnovsky.
17:52 of 2nd period - Stopped by Cory Schneider without a rebound.
17:53 of 2nd period - Patrick Sharp wins face-off versus Dan Cleary in Lightning zone.
18:25 of 2nd period - Shot by Martin Havlat.
18:25 of 2nd period - Stopped by Niklas Backstrom without a rebound.
18:26 of 2nd period - Paul Stastny wins face-off versus Henrik Sedin in Rangers zone.
18:51 of 2nd period - Brent Seabrook is hit by Mikko Koivu and loses puck.
19:29 of 2nd period - Shot by Scott Hartnell.
19:29 of 2nd period - Stopped by Niklas Backstrom without a rebound.
19:30 of 2nd period - Martin Havlat wins face-off versus Mikko Koivu in Rangers zone.
19:48 of 2nd period - Icing by Ian White.
19:49 of 2nd period - Patrick Kane wins face-off versus Mikko Koivu in Rangers zone.

Period #3

0:01 of 3rd period - Nikolai Kulemin wins face-off versus Tomas Plekanec in neutral zone.
0:04 of 3rd period - Tomas Plekanec is hit by Nikolai Kulemin and loses puck.
0:06 of 3rd period - Minor Penalty to Nikolai Kulemin for Boarding.
0:07 of 3rd period - R.J. Umberger wins face-off versus Scott Gomez in Rangers zone.
0:30 of 3rd period - Shot by Martin Havlat.
0:30 of 3rd period - Stopped by Niklas Backstrom without a rebound.
0:31 of 3rd period - Henrik Sedin wins face-off versus Paul Stastny in Rangers zone.
0:54 of 3rd period - Shot by Scott Gomez.
0:54 of 3rd period - Stopped by Cory Schneider with a rebound.
1:05 of 3rd period - Niklas Kronwall is hit by Lubomir Visnovsky and loses puck.
2:18 of 3rd period - Shot by Dan Cleary.
2:18 of 3rd period - Shot Misses the Net.
2:20 of 3rd period - Shot by Dan Cleary.
2:20 of 3rd period - Stopped by Cory Schneider without a rebound.
2:21 of 3rd period - Tomas Plekanec wins face-off versus Henrik Sedin in Lightning zone.
2:29 of 3rd period - Minor Penalty to Andy Sutton for High sticking.
2:30 of 3rd period - Mikko Koivu wins face-off versus Marcel Goc in Lightning zone.
3:23 of 3rd period - Shot by Ian White.
3:23 of 3rd period - Goal by Ian White - Lightning : 2 - Rangers : 1.
3:24 of 3rd period - Tomas Plekanec wins face-off versus Scott Gomez in neutral zone.
3:37 of 3rd period - Shot by Patrick Kane.
3:37 of 3rd period - Stopped by Niklas Backstrom without a rebound.
3:38 of 3rd period - Tom Pyatt wins face-off versus Martin Havlat in Rangers zone.
4:01 of 3rd period - Minor Penalty to Cal Clutterbuck for Hooking.
4:02 of 3rd period - Paul Stastny wins face-off versus Henrik Sedin in Rangers zone.
4:21 of 3rd period - Shot by Patrick Kane.
4:21 of 3rd period - Shot Misses the Net.
4:25 of 3rd period - Shot by Patrick Kane.
4:25 of 3rd period - Deflect By Paul Stastny.
4:25 of 3rd period - Shot Hit the Post.
4:27 of 3rd period - Shot by Niklas Kronwall.
4:27 of 3rd period - Stopped by Niklas Backstrom without a rebound.
4:28 of 3rd period - Scott Gomez wins face-off versus R.J. Umberger in Rangers zone.
4:49 of 3rd period - Shot by Patrick Sharp.
4:49 of 3rd period - Shot Misses the Net.
4:50 of 3rd period - Minor Penalty to Patrick Sharp for Holding.
4:51 of 3rd period - Scott Hartnell wins face-off versus Henrik Sedin in Lightning zone.
5:06 of 3rd period - Shot by Scott Hartnell.
5:06 of 3rd period - Stopped by Niklas Backstrom without a rebound.
5:07 of 3rd period - Dan Cleary wins face-off versus Paul Stastny in Rangers zone.
5:16 of 3rd period - Shot by Mike Cammalleri.
5:16 of 3rd period - Deflect By Dan Cleary.
5:16 of 3rd period - Stopped by Cory Schneider without a rebound.
5:17 of 3rd period - Henrik Sedin wins face-off versus Paul Stastny in Lightning zone.
5:26 of 3rd period - Shot by Henrik Sedin.
5:26 of 3rd period - Stopped by Cory Schneider without a rebound.
5:27 of 3rd period - Scott Hartnell wins face-off versus Dan Cleary in Lightning zone.
5:38 of 3rd period - Shot by Mike Cammalleri.
5:38 of 3rd period - Shot Misses the Net.
5:40 of 3rd period - Shot by Dan Cleary.
5:40 of 3rd period - Shot Misses the Net.
5:44 of 3rd period - Shot by Mike Cammalleri.
5:44 of 3rd period - Shot Misses the Net.
5:48 of 3rd period - Shot by Mike Cammalleri.
5:48 of 3rd period - Deflect By Dan Cleary.
5:48 of 3rd period - Stopped by Cory Schneider without a rebound.
5:49 of 3rd period - Paul Stastny wins face-off versus Henrik Sedin in Lightning zone.
5:51 of 3rd period - Icing by Patrick Kane.
5:52 of 3rd period - Henrik Sedin wins face-off versus Paul Stastny in Lightning zone.
5:59 of 3rd period - Shot by Mikko Koivu.
5:59 of 3rd period - Stopped by Cory Schneider with a rebound.
6:01 of 3rd period - Shot by Mikko Koivu.
6:01 of 3rd period - Stopped by Cory Schneider without a rebound.
6:02 of 3rd period - Henrik Sedin wins face-off versus Marcel Goc in Lightning zone.
6:52 of 3rd period - Shot by Nikolai Zherdev.
6:52 of 3rd period - Deflect By Guillaume Latendresse.
6:52 of 3rd period - Stopped by Cory Schneider without a rebound.
6:53 of 3rd period - Tomas Plekanec wins face-off versus Mikko Koivu in Lightning zone.
7:13 of 3rd period - Minor Penalty to Andy Sutton for Tripping.
7:14 of 3rd period - R.J. Umberger wins face-off versus Mikko Koivu in Lightning zone.
7:20 of 3rd period - Icing by Francis Bouillon.
7:21 of 3rd period - Dan Cleary wins face-off versus R.J. Umberger in Rangers zone.
7:34 of 3rd period - Shot by Mike Cammalleri.
7:34 of 3rd period - Shot Misses the Net.
7:36 of 3rd period - Shot by Lubomir Visnovsky.
7:36 of 3rd period - Stopped by Cory Schneider with a rebound.
7:38 of 3rd period - Shot by Lubomir Visnovsky.
7:38 of 3rd period - Shot Misses the Net.
7:40 of 3rd period - Shot by Mike Cammalleri.
7:40 of 3rd period - Stopped by Cory Schneider with a rebound.
7:42 of 3rd period - Shot by Dan Cleary.
7:42 of 3rd period - Stopped by Cory Schneider without a rebound.
7:43 of 3rd period - Henrik Sedin wins face-off versus Marcel Goc in Lightning zone.
8:49 of 3rd period - Icing by Lubomir Visnovsky.
8:50 of 3rd period - Mikko Koivu wins face-off versus R.J. Umberger in Rangers zone.
8:50 of 3rd period - Mikko Koivu is hit by Scott Hartnell.
9:41 of 3rd period - Shot by Patrick Sharp.
9:41 of 3rd period - Shot Misses the Net.
9:43 of 3rd period - Shot by Andy Sutton.
9:43 of 3rd period - Shot Misses the Net.
9:47 of 3rd period - Shot by Patrick Kane.
9:47 of 3rd period - Shot Misses the Net.
9:49 of 3rd period - Shot by Andy Sutton.
9:49 of 3rd period - Stopped by Niklas Backstrom without a rebound.
9:50 of 3rd period - Scott Gomez wins face-off versus Nick Spaling in Rangers zone.
9:50 of 3rd period - Scott Gomez is hit by R.J. Umberger.
10:05 of 3rd period - Tim Gleason is hit by Keith Ballard and loses puck.
10:13 of 3rd period - Minor Penalty to Francis Bouillon for Holding.
10:14 of 3rd period - Paul Stastny wins face-off versus Henrik Sedin in Rangers zone.
10:17 of 3rd period - Shot by Niklas Kronwall.
10:17 of 3rd period - Stopped by Niklas Backstrom without a rebound.
10:18 of 3rd period - Henrik Sedin wins face-off versus R.J. Umberger in Rangers zone.
10:41 of 3rd period - Shot by Andrej Meszaros.
10:41 of 3rd period - Shot Blocked by Ian White.
10:43 of 3rd period - Shot by Andrej Meszaros.
10:43 of 3rd period - Stopped by Niklas Backstrom without a rebound.
10:44 of 3rd period - Scott Gomez wins face-off versus Paul Stastny in Rangers zone.
11:15 of 3rd period - Shot by Ilya Kovalchuk.
11:15 of 3rd period - Stopped by Niklas Backstrom without a rebound.
11:16 of 3rd period - Henrik Sedin wins face-off versus Martin Havlat in Rangers zone.
12:37 of 3rd period - Shot by Ilya Kovalchuk.
12:37 of 3rd period - Stopped by Niklas Backstrom without a rebound.
12:38 of 3rd period - Henrik Sedin wins face-off versus Tomas Plekanec in Rangers zone.
12:45 of 3rd period - Tomas Plekanec is hit by Henrik Sedin and loses puck.
13:08 of 3rd period - Shot by Henrik Sedin.
13:08 of 3rd period - Shot Blocked by Andy Sutton.
13:10 of 3rd period - Shot by Lubomir Visnovsky.
13:10 of 3rd period - Shot Blocked by Tomas Plekanec.
13:13 of 3rd period - Icing by Andy Sutton.
13:14 of 3rd period - Tomas Plekanec wins face-off versus Mikko Koivu in Lightning zone.
14:18 of 3rd period - Double Minor Penalty to R.J. Umberger for Slashing.
14:19 of 3rd period - Marcel Goc wins face-off versus Henrik Sedin in Lightning zone.
14:42 of 3rd period - Shot by Nikolai Kulemin.
14:42 of 3rd period - Stopped by Cory Schneider with a rebound.
15:29 of 3rd period - Shot by Lubomir Visnovsky.
15:29 of 3rd period - Shot Misses the Net.
16:06 of 3rd period - Shot by Henrik Sedin.
16:06 of 3rd period - Stopped by Cory Schneider with a rebound.
16:08 of 3rd period - Shot by Jay Bouwmeester.
16:08 of 3rd period - Shot Misses the Net.
16:33 of 3rd period - Off-side.
16:34 of 3rd period - Scott Gomez wins face-off versus Marcel Goc in neutral zone.
16:34 of 3rd period - Mike Cammalleri is hit by Marcel Goc and loses puck.
16:47 of 3rd period - Shot by Mike Cammalleri.
16:47 of 3rd period - Shot Misses the Net.
16:49 of 3rd period - Shot by Francis Bouillon.
16:49 of 3rd period - Stopped by Cory Schneider without a rebound.
16:50 of 3rd period - Henrik Sedin wins face-off versus Patrick Sharp in Lightning zone.
16:55 of 3rd period - Shot by Henrik Sedin.
16:55 of 3rd period - Deflect By Mark Recchi.
16:55 of 3rd period - Shot Misses the Net.
16:59 of 3rd period - Shot by Henrik Sedin.
16:59 of 3rd period - Stopped by Cory Schneider with a rebound.
17:01 of 3rd period - Shot by Nikolai Kulemin.
17:01 of 3rd period - Stopped by Cory Schneider without a rebound.
17:02 of 3rd period - Marcel Goc wins face-off versus Mikko Koivu in Lightning zone.
17:02 of 3rd period - Marcel Goc is hit by Dan Cleary.
18:28 of 3rd period - Shot by Nikolai Zherdev.
18:28 of 3rd period - Shot Misses the Net.
18:53 of 3rd period - Icing by Niklas Kronwall.
18:54 of 3rd period - Paul Stastny wins face-off versus Mikko Koivu in Lightning zone.
19:01 of 3rd period - Rangers, Niklas Backstrom is pulled from the net.
19:49 of 3rd period - Icing by Martin Havlat.
19:50 of 3rd period - Nikolai Kulemin wins face-off versus Patrick Sharp in Lightning zone.


Output by the SimonT Hockey Simulator (STHS) for Stephane Roy -- Original Page W3C XHTML 1.0 Valid